 Dungeon Sprint DCSS version 0.23-a0-629-gae4348f (webtiles) character file.

1378 Lanoc the Martial Artist (level 8, -7/60 HPs)
             Began as an Octopode Transmuter on Dec 26, 2018.
             Was a Priest of Cheibriados.
             Mangled by a troll (11 damage)
             ... in the Dungeon (Sprint IX: "|||||||||||||||||||||||||||||").
             The game lasted 00:03:05 (527 turns).

Lanoc the Martial Artist (Octopode Transmuter)       Turns: 527, Time: 00:03:06

Health: -7/60      AC:  1    Str: 20    XL:     8   Next: 66%
Magic:  11/18      EV: 20    Int: 26    God:    Cheibriados [***...]
Gold:   0          SH:  0    Dex: 23    Spells: 12/20 levels left

rFire    . . .     SeeInvis .     - Unarmed
rCold    . . .     Gourm    .   (shield currently unavailable)
rNeg     . . .     Faith    .   (helmet restricted)
rPois    .         Spirit   .   (no amulet)
rElec    .         Reflect  .   m - +3 ring of dexterity
rCorr    .         Harm     .   n - +3 ring of strength
MR       .....     NoTele   +   (no ring)
Stlth    +++.......             (no ring)
HPRegen  0.20/turn              (no ring)
MPRegen  0.16/turn              (no ring)
                                (no ring)
                                (no ring)

@: blade tentacles (expiring), very slightly contaminated, very slow
A: almost no armour, stealthy swim, amphibious, 8 rings, constrict 8, camouflage
1, gelatinous body 1
a: End Transformation, Bend Time, Temporal Distortion, Renounce Religion


You were in the Dungeon.
You worshipped Cheibriados.
Cheibriados was most pleased with you.
You were not hungry.
You had blades for tentacles.
You visited 1 branch

Inventory:

Missiles
 a - 12 arrows
Jewellery
 m - a +3 ring of dexterity (left scythe-like blade)
 n - a +3 ring of strength (right scythe-like blade)
Wands
 l - a wand of iceblast (10)
Scrolls
 i - 2 scrolls of blinking
 j - 3 scrolls of remove curse
 k - 2 scrolls of amnesia
Potions
 d - 3 potions of curing
 f - a potion of haste
 g - 4 potions of magic
 h - a potion of berserk rage
Comestibles
 c - a ration


   Skills:
 + Level 7.2 Fighting
 + Level 7.4 Dodging
 * Level 10.4 Unarmed Combat
 + Level 6.7 Spellcasting
 * Level 10.2 Transmutations


You had 12 spell levels left.
You knew the following spells:

 Your Spells              Type           Power        Failure   Level  Hunger
a - Beastly Appendage     Tmut           ######       7%          1    None
b - Blade Hands           Tmut           ######....   24%         5    #####..
c - Sticks to Snakes      Tmut           ######..     8%          2    None

Your spell library contained the following spells:

 Spells                   Type           Power        Failure   Level  Hunger
 Spider Form              Tmut/Pois      #####.....   22%         3    None
 Ice Form                 Ice/Tmut       #####...     41%         4    ###....


Dungeon Overview and Level Annotations

Branches:
Dungeon (1/1)

Altars:
Cheibriados
Dithmenos
Elyvilon
Fedhas
Gozag
Hepliaklqana
Kikubaaqudgha
Makhleb
Nemelex Xobeh
Okawaru
Qazlal
Ru
Sif Muna
Trog
Uskayaw
Vehumet
Wu Jian
Xom
Yredelemnul
Zin
The Shining One
Beogh
Jiyva
Lugonu


Innate Abilities, Weirdness & Mutations

You cannot wear most types of armour.
You are very stealthy in the water. (Stealth+)
You are amphibious.
You can wear up to eight rings at the same time.
You can use your tentacles to constrict eight enemies at once.
Your skin changes colour to match your surroundings (Stealth+).
Your rubbery body absorbs attacks. (AC +1, EV +1)


Message History

Your Transmutations skill increases to level 10!
You have reached level 8!
You closely miss the troll. You squeeze the troll!
The troll is lightly wounded.
The troll bites you. The troll claws you. The troll completely misses you.
You slash the troll! You squeeze the troll.
The troll is heavily wounded.
The troll bites you!
* * * LOW HITPOINT WARNING * * *
The troll claws you.
* * * LOW HITPOINT WARNING * * *
The troll closely misses you.
You feel better. The troll bites you.
* * * LOW HITPOINT WARNING * * *
The troll barely misses you. The troll claws you.
* * * LOW HITPOINT WARNING * * *
You hit the troll. You squeeze the troll.
The troll is heavily wounded.
The troll bites you!
You die...

▓.▓
▓)▓
▓.▓
▓.▓
▓.▓
▓.▓
▓.▓
▓.▓
▓@▓
▓T▓
▓y▓
▓R▓
▓§▓
▓§▓
▓.▓
▓+▓


You could see a troll, an efreet and a vampire mosquito.

Vanquished Creatures
  A centaur warrior (D)
  A troll (D)
  A yak (D)
  A water moccasin (D)
  A crocodile (D)
  A bullfrog (D)
  A crimson imp (D)
  2 hounds (D)
  A jelly (D)
  A worker ant (D)
  An adder skeleton (D)
  A leopard gecko (D)
  An orc (D)
  2 hobgoblins (D)
  2 goblins (D)
  A rat (D)
19 creatures vanquished.

Notes
Turn   | Place    | Note
-------+----------+-------------------------------------------
     0 | D        | Lanoc the Octopode Transmuter began the quest for the Orb.
     0 | D        | Reached XP level 1. HP: 13/13 MP: 3/3
   126 | D        | Noticed a worker ant
   126 | D        | Noticed a hound
   126 | D        | Noticed a hound
   129 | D        | Reached XP level 2. HP: 19/19 MP: 3/5
   133 | D        | Reached XP level 3. HP: 15/25 MP: 4/7
   140 | D        | Reached skill level 5 in Unarmed Combat
   140 | D        | Reached XP level 4. HP: 13/30 MP: 5/8
   145 | D        | Reached skill level 5 in Transmutations
   369 | D        | Found a roughly hewn altar of Beogh.
   369 | D        | Found a snail-covered altar of Cheibriados.
   369 | D        | Found a shadowy altar of Dithmenos.
   369 | D        | Found a white marble altar of Elyvilon.
   369 | D        | Found a blossoming altar of Fedhas.
   369 | D        | Found an opulent altar of Gozag.
   370 | D        | Found a hazy altar of Hepliaklqana.
   371 | D        | Found a viscous altar of Jiyva.
   372 | D        | Found an ancient bone altar of Kikubaaqudgha.
   373 | D        | Found a corrupted altar of Lugonu.
   374 | D        | Found a burning altar of Makhleb.
   375 | D        | Found a sparkling altar of Nemelex Xobeh.
   376 | D        | Found an iron altar of Okawaru.
   377 | D        | Found a stormy altar of Qazlal.
   378 | D        | Found a sacrificial altar of Ru.
   379 | D        | Found a deep blue altar of Sif Muna.
   380 | D        | Found a bloodstained altar of Trog.
   381 | D        | Found a hide-covered altar of Uskayaw.
   382 | D        | Found a radiant altar of Vehumet.
   383 | D        | Found an ornate altar of the Wu Jian Council.
   384 | D        | Found a shimmering altar of Xom.
   385 | D        | Found a basalt altar of Yredelemnul.
   386 | D        | Found a glowing silver altar of Zin.
   387 | D        | Found a glowing golden altar of the Shining One.
   413 | D        | Became a worshipper of Cheibriados the Contemplative
   454 | D        | Noticed a water moccasin
   454 | D        | Noticed a bullfrog
   454 | D        | Noticed a yak
   454 | D        | Noticed a troll
   460 | D        | Killed a water moccasin
   460 | D        | Reached XP level 5. HP: 15/37 MP: 8/11
   462 | D        | Reached * piety under Cheibriados
   467 | D        | Reached skill level 5 in Dodging
   467 | D        | Reached XP level 6. HP: 31/44 MP: 9/13
   473 | D        | Killed a yak
   473 | D        | Reached ** piety under Cheibriados
   473 | D        | Reached skill level 5 in Fighting
   473 | D        | Reached skill level 5 in Spellcasting
   482 | D        | Killed a troll
   482 | D        | Reached XP level 7. HP: 32/52 MP: 11/15
   513 | D        | Learned a level 5 spell: Blade Hands
   516 | D        | Learned a level 2 spell: Sticks to Snakes
   516 | D        | Noticed a centaur warrior
   516 | D        | Noticed a troll
   516 | D        | Noticed a vampire mosquito
   516 | D        | Noticed an efreet
   518 | D        | Reached *** piety under Cheibriados
   523 | D        | Killed a centaur warrior
   523 | D        | Reached skill level 10 in Unarmed Combat
   523 | D        | Reached skill level 10 in Transmutations
   523 | D        | Reached XP level 8. HP: 23/60 MP: 10/18
   525 | D        | HP: 1/60 [troll (5)]
   527 | D        | Mangled by a troll

Vault maps used:
D:        linesprint

Skill      XL: |  1  2  3  4  5  6  7 |
---------------+----------------------+-----
Fighting       | 2 4 6 7 |  7.2
Dodging        | 3 4 5 6 7 |  7.4
Unarmed Combat | 4 5 6 7 8 10 | 10.4
Transmutations | 3 4 6 7 8 10 | 10.2
Spellcasting   | 3 4 5 6 |  6.7

Action                   |  1- 3 |  4- 6 |  7- 9 || total
-------------------------+-------+-------+-------++-------
Melee: Unarmed           |    23 |    31 |    10 ||    64
       Constrict         |     7 |     5 |     1 ||    13
       Kick              |     7 |     4 |     1 ||    12
       Tentacles         |     3 |     9 |     4 ||    16
       Punch             |       |     2 |     1 ||     3
 Cast: Beastly Appendage |     2 |     1 |       ||     3
       Blade Hands       |       |       |     1 ||     1
  Use: Potion            |       |     5 |     1 ||     6
 Stab: Invisible         |       |     2 |     1 ||     3
Armor: Skin              |     2 |     1 |       ||     3
Dodge: Dodged            |    12 |    31 |     5 ||    48

Table legend:
 A = Non-vault XP
 B = Vault XP
 C = Vault XP percentage of total XP
 D = Non-vault monster count
 E = Vault monster count
 F = Vault count percentage of total count
                 A         B        C        D         E       F
            +---------+---------+-------+---------+---------+-------
      Total |       0 |    1969 | 100.0 |       0 |      19 | 100.0
            +---------+---------+-------+---------+---------+-------
          D |       0 |    1969 | 100.0 |       0 |      19 | 100.0
            +---------+---------+-------+---------+---------+-------
